 Dungeon Crawl Stone Soup version 0.23.2-33-g5129a83184 (webtiles) character file.

Game seed: 10288327991051843047

305 H0rd4k the Cutter (level 6, 0/69 HPs)
             Began as a Human Artificer on July 26, 2019.
             Slain by a worker ant (1 damage)
             ... on level 3 of the Dungeon.
             The game lasted 00:06:54 (4307 turns).

H0rd4k the Cutter (Human Artificer)                 Turns: 4307, Time: 00:06:54

Health: 0/69       AC: 23    Str: 19    XL:     6   Next: 67%
Magic:  8/8        EV:  2    Int: 11    God:
Gold:   49         SH:  0    Dex: 14    Spells: 5/5 levels left

rFire    . . .     SeeInvis .   s - +1 short sword (speed)
rCold    . . .     Gourm    .   (no shield)
rNeg     + + +     Faith    .   (armour currently unavailable)
rPois    +         Spirit   .   (helmet currently unavailable)
rElec    .         Reflect  .   (cloak currently unavailable)
rCorr    .         Harm     .   (gloves currently unavailable)
MR       .....     NoTele   +   (boots currently unavailable)
Stlth    ++........             (no amulet)
HPRegen  0.21/turn              (no ring)
MPRegen  0.11/turn              (no ring)

@: mighty, lethally poisoned (0 -> -5), tree-form, hasted, very quick
A: no striking features
a: no special abilities


You were on level 3 of the Dungeon.
You were hungry.
You were a tree.
You visited 1 branch of the dungeon, and saw 4 of its levels.

You collected 49 gold pieces.

Inventory:

Hand Weapons
 a - a +0 short sword
 o - a +1 dagger of pain
 s - a +1 short sword of speed (weapon)
Missiles
 n - 3 throwing nets (quivered)
Armour
 b - a +0 leather armour (melded)
Jewellery
 u - a cursed ring of attention {unknown}
Wands
 c - a wand of flame (7)
 d - a wand of enslavement (14)
 e - a wand of random effects (10)
Scrolls
 i - 3 scrolls of teleportation {unknown}
 k - 6 scrolls of identify {unknown}
 l - a scroll of fog {unknown}
 p - a scroll of enchant weapon {unknown}
 q - a scroll of remove curse {unknown}
 t - a scroll of blinking {unknown}
 w - a scroll of magic mapping {unknown}
Potions
 r - 2 potions of curing {unknown}
Comestibles
 f - 7 rations


   Skills:
 + Level 2.4 Fighting
 + Level 3.7 Short Blades
 + Level 2.1 Armour
 + Level 3.1 Dodging
 + Level 1.6 Stealth
 + Level 3.6 Evocations


You had 5 spell levels left.
You didn't know any spells.
Your spell library contained the following spells:

 Spells                   Type           Power        Failure   Level  Hunger
 Corona                   Hex            #......      34%         1    ##.....
 Ensorcelled Hibernation  Hex/Ice        #.....       47%         2    ###....
 Confuse                  Hex            #.......     71%         3    ####...
 Dazzling Spray           Conj/Hex       #.....       71%         3    ####...
 Tukima's Dance           Hex            #.......     71%         3    ####...


Dungeon Overview and Level Annotations

Branches:
Dungeon (4/15)
 Temple: D:4-7

Altars:
Elyvilon

Annotations:
D:4 exclusion: scorpion


Innate Abilities, Weirdness & Mutations

((You have sharp toenails.))
((Your flesh is cold resistant. (rC+)))


Message History

You feel sick. The worker ant bites you.
* * * LOW HITPOINT WARNING * * *
The worker ant bites you.
* * * LOW HITPOINT WARNING * * *
It was a potion of haste.
You feel yourself speed up.
* * * LOW HITPOINT WARNING * * *
You feel sick.
The worker ant bites you but does no damage.
It was a potion of lignification.
You turn into a tree.
Your +0 leather armour melds into your body.
Your roots penetrate the ground.
* * * LOW HITPOINT WARNING * * *
You feel sick.
The worker ant bites you but does no damage.
It was a potion of might.
You feel very mighty all of a sudden.
You completely miss the worker ant.
* * * LOW HITPOINT WARNING * * *
You feel sick. The worker ant bites you.
You die...

#.# #.# #.# #.#
#.#####.########
#...............
#######.########
#...............
#.#####.###..#..
###########.#####......#.#
#.......)♣a>..............
#.####'####...............
#.#.......#######...#..#.#
#.#.##.##.#..†......#..#.#
#.#.#.#.#.#.######)....#.#
#.'..###..'.# #########.#
###.#.#.#.### #..........
#.##.##.# #.#######.#
#.......# #.##### #.#


You could see a worker ant.

Vanquished Creatures
  A water moccasin skeleton (D:4)
  A hound (D:2)
  2 worker ants
  9 gnolls
  An adder (D:2)
  5 worms
  5 leopard geckos
  3 orcs
  6 bats
  5 giant cockroaches
  9 goblins
  3 hobgoblins
  3 jackals (D:3)
  3 kobolds
  A quokka (D:2)
  3 frilled lizards
  A leopard gecko skeleton (D:4)
  5 rats
66 creatures vanquished.

Vanquished Creatures (collateral kills)
  A giant cockroach (D:2)
1 creature vanquished.

Vanquished Creatures (others)
  A goblin (D:2)
  A quokka (D:2)
2 creatures vanquished.

Grand Total: 69 creatures vanquished

Notes
Turn   | Place    | Note
-------+----------+-------------------------------------------
     0 | D:1      | H0rd4k the Human Artificer began the quest for the Orb.
     0 | D:1      | Reached XP level 1. HP: 15/15 MP: 3/3
   343 | D:1      | Reached XP level 2. HP: 18/21 MP: 4/4
   959 | D:2      | Reached XP level 3. HP: 21/26 MP: 5/5
   995 | D:2      | Reached skill level 1 in Armour
   995 | D:2      | Reached XP level 4. HP: 5/32 MP: 6/6
  1393 | D:2      | Reached XP level 5. HP: 20/37 MP: 7/7
  1493 | D:2      | Found a white marble altar of Elyvilon.
  4017 | D:4      | Reached XP level 6. HP: 43/44 MP: 8/8
  4303 | D:3      | Gained mutation: You are weak. (Str -2) [potion of
                  | mutation]
  4303 | D:3      | Gained mutation: Your flesh is cold resistant. (rC+)
                  | [potion of mutation]
  4303 | D:3      | Gained mutation: You have sharp toenails. [potion of
                  | mutation]
  4303 | D:3      | Lost mutation: You are weak. (Str -2) [potion of mutation]
  4303 | D:3      | HP: 2/46 [worker ant (4)]
  4307 | D:3      | Slain by a worker ant

Skill      XL: |  1  2  3  4  5  6 |
---------------+-------------------+-----
Short Blades   | 2 3 |  3.7
Armour         | 1 2 |  2.1
Dodging        | 3 |  3.1
Fighting       | 2 |  2.4
Stealth        | |  1.6
Evocations     | |  3.6

Action                   |  1- 3 |  4- 6 || total
-------------------------+-------+-------++-------
Melee: Short sword       |    79 |   159 ||   238
       Dagger            |       |   144 ||   144
Evoke: Wand              |     5 |     9 ||    14
  Use: Potion            |       |     4 ||     4
 Stab: Sleeping          |       |     3 ||     3
  Eat: Chunk             |       |     7 ||     7
       Ration            |       |     1 ||     1
Armor: Leather armour    |    27 |    35 ||    62
       Skin              |       |     1 ||     1
Dodge: Dodged            |    65 |   139 ||   204
